 Dungeon Crawl Stone Soup version 0.32-a0-814-g0968bab981 (webtiles) character file.

Game seed: 15520754883091398778

79 zenocrate the Sneak (level 4, -1/29 HPs)
             Began as an Octopode Earth Elementalist on Mar 23, 2024.
             Slain by an orc wizard
             ... wielding a +0 dagger
              (2 damage)
             ... on level 3 of the Dungeon.
             The game lasted 00:01:45 (1706 turns).

zenocrate the Sneak (Octopode Earth Elementalist)   Turns: 1706, Time: 00:01:46

Health: -1/29      AC:  2    Str:  9    XL:     4   Next: 38%
Magic:  2/7        EV: 12    Int: 17    God:
Gold:   76         SH:  0    Dex: 12    Spells: 3/7 levels left

rFire   . .          .
                       - Unarmed
rCold   . . .        (no shield)
rNeg    . . .        c - +0 hat
rPois   .            (no amulet)
rElec   .            (no ring)
rCorr   .            (no ring)
SInv    .            (no ring)
Will    .....        (no ring)
Stlth   ++++         (no ring)
HPRegen 0.24/turn    (no ring)
MPRegen 0.10/turn    (no ring)
                     (no ring)

%: no passive effects
@: mighty
A: almost no armour, amphibious, 8 rings, camouflage 2, gelatinous body 1,
(nimble swimmer 1), tentacles, shaggy fur 1, evolution 2
a: no special abilities


You were on level 3 of the Dungeon.
You visited 1 branch of the dungeon, and saw 3 of its levels.

You collected 76 gold pieces.

Inventory:

Armour
 b - a +0 kite shield
 c - a +0 hat (worn)
 k - an orb of guile
Jewellery
 m - a ring of ice
Scrolls
 f - a scroll of blinking {unknown}
 h - a scroll of enchant armour {unknown}
 i - a scroll of poison {unknown}
 j - 2 scrolls of identify {unknown}
 l - a scroll of teleportation {unknown}
Potions
 a - a potion of magic
 g - a potion of ambrosia {unknown}
 n - a potion of haste {unknown}


   Skills:
 * Level 2.0 Fighting
 + Level 2.7 Dodging
 + Level 3.8 Stealth
 + Level 1.5 Unarmed Combat
 - Level 2.0 Spellcasting
 - Level 1.0 Conjurations
 - Level 3.0 Earth Magic


You had 3 spell levels left.
You knew the following spells:

 Your Spells              Type           Power      Damage    Failure   Level
a - Sandblast             Erth           22%        2d7       5%          1
b - Stone Arrow           Conj/Erth      16%        3d8       26%         3

Your spell library contained the following spells:

 Spells                   Type           Power      Damage    Failure   Level
 Magic Dart               Conj           20%        1d4       13%         1
 Passwall                 Erth           11%        N/A       17%         3
 Searing Ray              Conj           10%        2d4       19%         2
 Brom's Barrelling Bould  Conj/Erth      8%         2d3       63%         4
 Petrify                  Alch/Erth      6%         N/A       71%         4
 Fulminant Prism          Conj/Alch      1%         3d5       83%         4


Dungeon Overview and Level Annotations

Branches:
Dungeon (3/15)

Altars:


Innate Abilities, Weirdness & Mutations

You cannot wear most types of armour.
You are amphibious.
You can wear up to eight rings at the same time.
Your skin blends seamlessly with your surroundings (Stealth++).
Your rubbery body absorbs attacks. (AC +1, EV +1)
((You are camouflaged when in or above water. (Stealth+)))
You have tentacles for arms and can constrict up to eight enemies at once.
You are covered in fur. (AC +1)
You have great hidden genetic potential.


Message History

Unknown command.
Casting: Sandblast (safe; 5% risk of failure)
Confirm with . or Enter, or press ? or * to list all spells.
Aiming: Sandblast (safe; 5% risk of failure)
Press: ? - help, Shift-Dir - straight line, f/p - orc
Aim: an orc, wielding a +0 flail and quivering boomerangs (severely wounded, 82% to hit)
The blast of sand hits the orc.
You kill the orc!
Something hits you. Something barely misses you.
Casting: Sandblast (safe; 5% risk of failure)
Confirm with . or Enter, or press ? or * to list all spells.
Aiming: Sandblast (safe; 5% risk of failure)
Press: ? - help, Shift-Dir - straight line, f - adder
Aim: an adder (70% to hit)
The blast of sand hits the adder.
The adder is moderately wounded.
You hear some strange, mumbled words.
Something tries to affect you, but you resist.
Casting: Sandblast (safe; 5% risk of failure)
Confirm with . or Enter, or press ? or * to list all spells.
Aiming: Sandblast (safe; 5% risk of failure)
Press: ? - help, Shift-Dir - straight line, f/p - adder
Aim: an adder (lightly wounded, 70% to hit)
The blast of sand hits something.
Something hits you.
* * * LOW HITPOINT WARNING * * *
Something hits you.
* * * LOW HITPOINT WARNING * * *
It was a potion of mutation.
You feel extremely strange.
You feel a hidden potential growing inside you.
Your natural camouflage becomes more effective.
Fur sprouts all over your body.
Your hidden genetic potential grows.
Something hits you.
* * * LOW HITPOINT WARNING * * *
Unknown command.
You aren't carrying any items that you can evoke.
Unknown command.
It was a potion of might.
You feel very mighty all of a sudden. Something hits you.
You die...

#.....#.#####
##.##......#
###.####.##.####
#....###.##....#
#....>##.#####.##
#.....##..####...
#...............#
####.....###..######
#S{@......###..##
#....)######...###..#
....)
######..####.####
....
##...##..........#
...
.#................#
..
..................# #
#.................#
.......)..........#
##<.........#......


You could see an adder.

Vanquished Creatures
  A gnoll (D:1)
  3 adders
  A ribbon worm (D:2)
  A dart slug (D:1)
  3 orcs (D:3)
  A bat (D:3)
  4 endoplasms
  A giant cockroach (D:1)
  3 goblins
  5 hobgoblins
  2 quokkas (D:2)
  4 ball pythons
  3 frilled lizards
  3 rats
35 creatures vanquished.

Notes
Turn   | Place    | Note
-------+----------+-------------------------------------------
     0 | D:1      | zenocrate the Octopode Earth Elementalist began the quest
                  | for the Orb.
     0 | D:1      | Reached XP level 1. HP: 11/11 MP: 3/3
   166 | D:1      | Reached XP level 2. HP: 18/18 MP: 0/5
   284 | D:1      | Reached skill level 1 in Unarmed Combat
   310 | D:1      | Reached skill level 1 in Fighting
   712 | D:1      | Reached XP level 3. HP: 23/23 MP: 6/6
   832 | D:1      | Learned a level 3 spell: Stone Arrow
  1230 | D:2      | Reached XP level 4. HP: 25/29 MP: 3/7
  1705 | D:3      | Gained mutation: You have hidden genetic potential. [potion
                  | of mutation]
  1705 | D:3      | Gained mutation: Your skin blends seamlessly with your
                  | surroundings (Stealth++). [potion of mutation]
  1705 | D:3      | Gained mutation: You are covered in fur. (AC +1) [potion of
                  | mutation]
  1705 | D:3      | Gained mutation: You have great hidden genetic potential.
                  | [potion of mutation]
  1705 | D:3      | HP: 1/29 [something (3)]
  1706 | D:3      | Slain by an orc wizard

Illustrated notes

Levels and vault maps discovered:
D:1:      matt_arrival_spirals, layout_loops_ring
D:2:      layout_basic
D:3:      layout_rooms, gammafunk_ghost_necromancy, minmay_cupped

Skill      XL: |  1  2  3  4 |
---------------+-------------+-----
Stealth        | 3 |  3.8
Unarmed Combat | 1 |  1.5
Fighting       | 1 2 |  2.0
Dodging        | |  2.7
Spellcasting   | |  2.0
Conjurations   | |  1.0
Earth Magic    | |  3.0

Action                     |  1- 3 |  4- 6 || total
---------------------------+-------+-------++-------
  Melee: Unarmed           |    26 |    12 ||    38
         Constrict         |     9 |     3 ||    12
         Tentacles         |    11 |     3 ||    14
   Cast: Sandblast         |    18 |    11 ||    29
    Use: Potion            |       |     2 ||     2
   Stab: Sleeping          |     5 |       ||     5
 Armour: Skin              |     7 |    15 ||    22
  Dodge: Dodged            |     9 |     8 ||    17

Table legend: (Time is in decaauts)
 A = Elapsed time spent in this place.
 B = Non-inter-level travel time spent in this place.
 C = Inter-level travel time spent in this place.
 D = Time resting spent in this place.
 E = Time spent auto-exploring this place.
 F = Levels seen in this place.
 G = Mean time per level.
                   A        B        C        D        E       F      G
               +--------+--------+--------+--------+--------+-----+--------+
         Total |   1719 |   1566 |    153 |      0 |   1314 |   3 |  573.0 |
       Dungeon |   1719 |   1566 |    153 |      0 |   1314 |   3 |  573.0 |
               +--------+--------+--------+--------+--------+-----+--------+

Top non-repeatable levels by time:
     D:1: 965 daAuts
     D:2: 601 daAuts
     D:3: 153 daAuts
